 Dungeon Crawl Stone Soup version 0.27-a0-1101-ge311f74bc8 (webtiles) character file.

Game seed: 13512802785584387693

795 robertstho the Magician (level 7, -5/46 HPs)
             Began as a Djinni Fire Elementalist on Apr 28, 2021.
             Slain by Crazy Yiuf
             ... wielding a +2 quarterstaff of chaos
              (7 damage)
             ... on level 4 of the Dungeon.
             The game lasted 00:07:34 (6149 turns).

robertstho the Magician (Djinni Fire Elementalist)  Turns: 6149, Time: 00:07:34

Health: -5/46      AC:  3    Str:  7    XL:     7   Next: 89%
Gold:   146        EV: 12    Int: 18    God:
                   SH:  0    Dex: 14

rFire    + + .     SeeInvis .   n - +2 flail (protect)
rCold    x . .     Faith    .   (no shield)
rNeg     . . .     Spirit   .   a - +0 robe
rPois    ∞         Reflect  .   (no helmet)
rElec    .         Harm     .   (no cloak)
rCorr    .         Rampage  .   q - +0 pair of gloves
Will     .....                  (boots unavailable)
Stlth    ++........             (no amulet)
HPRegen  0.15/turn              (no ring)
MPRegen  0.00/turn              (no ring)

@: about to teleport, flying
A: fire resistance 2, cold vulnerability 1, float, innate caster, hp casting,
extra vitality 1
a: no special abilities


You were on level 4 of the Dungeon.
You visited 1 branch of the dungeon, and saw 4 of its levels.

You collected 146 gold pieces.

Inventory:

Hand Weapons
 h - a +0 short sword
 n - a +2 flail of protection (weapon)
Missiles
 m - 3 atropa-tipped darts
Armour
 a - a +0 robe (worn)
 q - a +0 pair of gloves (worn)
Wands
 k - a wand of iceblast (4)
 p - a wand of flame (28)
Scrolls
 c - 2 scrolls of identify {unknown}
 d - 2 scrolls of enchant armour {unknown}
 e - 2 scrolls of enchant weapon {unknown}
 f - 3 scrolls of amnesia {unknown}
 g - a scroll of vulnerability {unknown}
 j - 5 scrolls of teleportation
Potions
 b - a potion of mutation {unknown}
 i - a potion of might {unknown}
 o - 4 potions of heal wounds {unknown}
 r - 2 potions of degeneration {unknown}
 s - a potion of flight {unknown}


   Skills:
 + Level 0.7 Fighting
 + Level 2.7 Dodging
 + Level 3.6 Stealth
 + Level 6.8 Spellcasting


You couldn't memorise any spells.
You knew the following spells:

 Your Spells              Type           Power      Damage    Failure   Level
a - Foxfire               Conj/Fire      100%       2x1d9     1%          1
b - Conjure Flame         Conj/Fire      30%        6-21      1%          3
c - Inner Flame           Hex/Fire       30%        N/A       1%          3
d - Sticky Flame          Conj/Fire      30%        2d5       7%          4
e - Fireball              Conj/Fire      15%        3d8       19%         5
f - Shock                 Conj/Air       100%       1d9       1%          1
g - Slow                  Hex            30%        N/A       1%          2
h - Lesser Beckoning      Tloc           15%        N/A       1%          3
Your spell library was empty.

Dungeon Overview and Level Annotations

Branches:
Dungeon (4/15)
 Temple: D:4-7

Altars:
Makhleb
Nemelex Xobeh

Shops:
D:1 :

Annotations:
D:4 Crazy Yiuf


Innate Abilities, Weirdness & Mutations

You are immune to poison.
Your flesh is very heat resistant. (rF++)
You are vulnerable to cold. (rC-)
You float through the air rather than walking.
You learn spells naturally, not from books.
Your magical power is your life essence.
You have superior vitality. (+4 HP)


Message History

Crazy Yiuf closely misses you.
Crazy Yiuf hits you with a +2 quarterstaff of chaos!
You are electrocuted!
Unknown command.
It was a potion of ambrosia.
You are confused.
You feel invigorated.
You bump into the tree.
Crazy Yiuf flaps his cloak.
Crazy Yiuf barely misses you.
You hit Crazy Yiuf but do no damage.
Your weapon exudes an aura of protection.
Crazy Yiuf hits you with a +2 quarterstaff of chaos!
You are more confused.
Crazy Yiuf barely misses you.
You barely miss Crazy Yiuf.
Crazy Yiuf hits you with a +2 quarterstaff of chaos!
Crazy Yiuf says, "Crazy?
Crazy!?
PORCUPINE!"
Crazy Yiuf hits you with a +2 quarterstaff of chaos!
You're too confused to move!
Crazy Yiuf screams, "Papa!
Nubble ragdoll dark."
Crazy Yiuf hits you with a +2 quarterstaff of chaos!!
* * * LOW HITPOINT WARNING * * *
You resist with some effort.
You bump into the tree.
You feel less invigorated.
Crazy Yiuf hits you with a +2 quarterstaff of chaos!
* * * LOW HITPOINT WARNING * * *
Crazy Yiuf freezes you.
* * * LOW HITPOINT WARNING * * *
You feel less confused.
Crazy Yiuf hits you with a +2 quarterstaff of chaos.
* * * LOW HITPOINT WARNING * * *
You easily resist.
As you read the scroll labelled XASUKESAUG, it crumbles to dust.
The scroll dissolves into smoke.
It was a scroll of fog.
Crazy Yiuf closely misses you.
As you read the scroll labelled LAEFIC HASH, it crumbles to dust.
You feel strangely unstable.
It was a scroll of teleportation.
Crazy Yiuf hits you with a +2 quarterstaff of chaos!
You die...

#.# ##. #####
#.##### #. #)..#
#.....#### #...#
#####..... ...
####.....## #'##♣
#....######
♣.♣.♣♣#########..
♣♣♣§♣..####......#
♣♣♣@§§...#....######
♣§§§g§...#.####
#§§§§§...#.#
#.......♣#.#
#♣♣....♣♣#.# #....#
#.# #....###.#
#........#
##...#####


You could see Crazy Yiuf.

Vanquished Creatures
  Menkaure (D:4)
  3 ogres (D:4)
  Blork the orc (D:4)
  A scorpion (D:4)
  A hound (D:4)
  Natasha (thrice) (D:4)
  2 iguanas
  2 gnolls (D:4)
  6 adders
  2 worms
  5 orcs (D:3)
  10 ball pythons
  7 endoplasms
  2 giant cockroaches
  7 goblins
  7 hobgoblins
  3 quokkas
  11 bats
  3 frilled lizards
  5 kobolds
  5 rats
87 creatures vanquished.

Vanquished Creatures (others)
  414 foxfires
414 creatures vanquished.

Grand Total: 501 creatures vanquished

Notes
Turn   | Place    | Note
-------+----------+-------------------------------------------
     0 | D:1      | robertstho the Djinni Fire Elementalist began the quest for
                  | the Orb.
     0 | D:1      | Reached XP level 1. HP: 15/15 MP: 0/0
   465 | D:1      | Reached skill level 3 in Spellcasting
   465 | D:1      | Reached XP level 2. HP: 17/21 MP: 0/0
  1268 | D:1      | Found Vaerph's Book Emporium.
  1532 | D:2      | Reached XP level 3. HP: 23/25 MP: 0/0
  1532 | D:2      | Learned a level 1 spell: Shock
  2248 | D:2      | Reached XP level 4. HP: 26/31 MP: 0/0
  2919 | D:3      | Found a faded altar of an unknown god.
  3307 | D:3      | Reached skill level 4 in Spellcasting
  3420 | D:3      | Reached XP level 5. HP: 28/36 MP: 0/0
  3420 | D:3      | Learned a level 2 spell: Slow
  3686 | D:3      | Found a burning altar of Makhleb.
  4029 | D:4      | Noticed an ogre
  4044 | D:4      | Noticed Blork the orc
  4056 | D:4      | Killed an ogre
  4135 | D:4      | Noticed an ogre
  4140 | D:4      | Killed an ogre
  4141 | D:4      | Reached skill level 5 in Spellcasting
  4141 | D:4      | Reached XP level 6. HP: 32/41 MP: 0/0
  4157 | D:4      | Killed Blork the orc
  4367 | D:4      | Noticed Menkaure
  4378 | D:4      | Killed Menkaure
  4379 | D:4      | Reached XP level 7. HP: 10/46 MP: 0/0
  4379 | D:4      | Learned a level 3 spell: Lesser Beckoning
  4642 | D:4      | Found a sparkling altar of Nemelex Xobeh.
  4671 | D:4      | Reached skill level 6 in Spellcasting
  4709 | D:4      | Noticed Natasha
  4717 | D:4      | Killed Natasha
  4728 | D:4      | Noticed Natasha
  5551 | D:4      | Killed Natasha
  5707 | D:4      | Found a runed translucent door.
  5718 | D:4      | Noticed Crazy Yiuf
  5975 | D:4      | Noticed Natasha
  5978 | D:4      | Killed Natasha
  6147 | D:4      | HP: 1/46 [Crazy Yiuf/+2 quarterstaff of chaos (3)]
  6149 | D:4      | Slain by Crazy Yiuf

Illustrated notes

Levels and vault maps discovered:
D:1:      sevenhm_arrival_forest_fort_large_4, layout_basic, serial_shops, shop
D:2:      layout_loops_ring
D:3:      layout_basic, lightli_temple_of_fire,
          ebering_ecumenical_altar_abandoned
D:4:      layout_rooms, nemelex_diamond_rough_becter, uniq_natasha,
          uniq_crazy_yiuf_cottage, uniq_menkaure, uniq_blork_the_orc

Skill      XL: |  1  2  3  4  5  6  7 |
---------------+----------------------+-----
Spellcasting   | 3 4 5 6 |  6.8
Stealth        | 2 3 |  3.6
Fighting       | |  0.7
Dodging        | |  2.7

Action                   |  1- 3 |  4- 6 |  7- 9 || total
-------------------------+-------+-------+-------++-------
Melee: Flail             |       |       |     2 ||     2
 Cast: Foxfire           |   100 |   124 |    30 ||   254
       Sticky Flame      |       |       |     7 ||     7
       Fireball          |       |       |     1 ||     1
  Use: Scroll            |       |       |     2 ||     2
       Potion            |       |       |     1 ||     1
Armor: Robe              |     2 |       |     3 ||     5
Dodge: Dodged            |     4 |     5 |    10 ||    19

Table legend: (Time is in decaauts)
 A = Elapsed time spent in this place.
 B = Non-inter-level travel time spent in this place.
 C = Inter-level travel time spent in this place.
 D = Time resting spent in this place.
 E = Time spent auto-exploring this place.
 F = Levels seen in this place.
 G = Mean time per level.
                   A        B        C        D        E       F      G
               +--------+--------+--------+--------+--------+-----+--------+
         Total |   6160 |   5966 |    194 |    705 |   4704 |   4 | 1540.0 |
       Dungeon |   6160 |   5966 |    194 |    705 |   4704 |   4 | 1540.0 |
               +--------+--------+--------+--------+--------+-----+--------+

Top non-repeatable levels by time:
     D:3: 1632 daAuts
     D:4: 1609 daAuts
     D:1: 1528 daAuts
     D:2: 1389 daAuts
